 Dungeon Crawl Stone Soup version 0.20.1 (webtiles) character file.

42 vishdafish the Ruffian (level 3, -2/36 HPs)
             Began as a Troll Monk on July 3, 2017.
             Slain by Sigmund
             ... wielding a +0 scythe
              (8 damage)
             ... on level 2 of the Dungeon.
             The game lasted 00:03:00 (878 turns).

vishdafish the Ruffian (Troll Monk)                  Turns: 878, Time: 00:03:01

Health: -2/36      AC:  5    Str: 20    XL:     3   Next: 33%
Magic:  11/11      EV: 11    Int:  6    God:
Gold:   78         SH:  0    Dex: 12    Spells: 2/2 levels left

rFire    . . .     SeeInvis .     - Unarmed
rCold    . . .     Gourm    +   (no shield)
rNeg     . . .     Faith    .   a - +0 robe
rPois    .         Spirit   .   (helmet restricted)
rElec    .         Reflect  .   (no cloak)
rCorr    .         Harm     .   (gloves unavailable)
MR       .....                  (boots unavailable)
Stlth    ++........             (no amulet)
Regen    0.6/turn               l - ring of magical power
MPRegen  0.2/turn               (no ring)

@: no status effects
A: unfitting armour, claws 3, fast metabolism 3, gourmand, regeneration 1,
shaggy fur 1, tough skin 2
a: no special abilities


You were on level 2 of the Dungeon.
You were not hungry.

You visited 1 branch of the dungeon, and saw 2 of its levels.

You collected 78 gold pieces.

Inventory:

Armour
 a - a +0 robe (worn)
Jewellery
 l - a ring of magical power (left claw)
Scrolls
 c - a scroll of noise {unknown}
 e - a scroll of fear {unknown}
 f - 4 scrolls of teleportation {unknown}
 h - a scroll of identify {unknown}
 i - 2 scrolls of enchant weapon {unknown}
 j - a scroll of enchant armour {unknown}
 n - a scroll of immolation {unknown}
Potions
 d - a potion of lignification {unknown}
 g - a potion of curing {unknown}
 m - a potion of berserk rage {unknown}
Comestibles
 b - 3 bread rations
 k - a royal jelly


   Skills:
 + Level 2.7 Fighting
 + Level 2.9 Dodging
 + Level 1.2 Stealth
 + Level 3.4 Unarmed Combat


You had 2 spell levels left.
You didn't know any spells.

Dungeon Overview and Level Annotations

Branches:
Dungeon (2/15)

Altars:

Annotations:
D:2 1 exclusion, Sigmund


Innate Abilities, Weirdness & Mutations

You are too large for most types of armour.
You have claws for hands.
Your metabolism is lightning-fast.
You like to eat raw meat.
Your natural rate of healing is unusually fast.
You are covered in fur. (AC +1)
You have very tough skin. (AC +2)


Message History

Something hits you.
You claw the hobgoblin!
You kill the hobgoblin!
You closely miss something.
You hear some strange, mumbled words.
A puff of flame appears from out of thin air!
The puff of flame hits you!
You are too injured to fight recklessly!
You miss something. Something hits you.
You closely miss something. The rat bites you but does no damage.
You miss something. Something hits you but does no damage.
You closely miss something. The rat closely misses you. Something hits you.
* * * LOW HITPOINT WARNING * * *
You miss something. The rat bites you but does no damage.
You barely miss something. The rat misses you. Something hits you.
* * * LOW HITPOINT WARNING * * *
You miss something. Your claw misses something. The rat bites you.
* * * LOW HITPOINT WARNING * * *
You closely miss something. Something hits you!
You die...

###... ....... ....... ....... b.
...[.. ....... ..# #.... .......
...###..##>...)..
...##............#......
.......##......†r{b.....
...#..##.......@#.# .#
#.....##..##......##.#####.
##.#......####..............#
.....#..... #..#...........#
.....#...##.##..##..........#
.....#.>.##.....##.....##...
.........#####......[.##..#
.....[.#....##..#.....##.#
............##..#..#.....########


You could see a bat and a rat.

Vanquished Creatures
  An adder (D:2)
  A dart slug (D:1)
  3 bats
  5 goblins
  2 hobgoblins
  5 kobolds
  10 frilled lizards
  6 rats
33 creatures vanquished.

Notes
Turn   | Place    | Note
-------+----------+-------------------------------------------
     0 | D:1      | vishdafish the Troll Monk began the quest for the Orb.
     0 | D:1      | Reached XP level 1. HP: 22/22 MP: 0/0
   106 | D:1      | Reached XP level 2. HP: 29/29 MP: 1/1
   684 | D:2      | Reached XP level 3. HP: 36/36 MP: 2/2
   850 | D:2      | Noticed Sigmund
   878 | D:2      | Slain by Sigmund

Action                   || total
-------------------------++-------
Melee: Unarmed           ||    98
       Punch             ||     1
 Stab: Sleeping          ||     1
  Eat: Fruit             ||     3
       Chunk             ||     4
Armor: Robe              ||    35
Dodge: Dodged            ||    69
